 Dungeon Crawl Stone Soup version 0.29-a0-559-g359e09b (webtiles) character file.

Game seed: 17717138635657319310

157 BingusPrime the Stinger (level 5, -8/31 HPs)
             Began as an Octopode Venom Mage on June 10, 2022.
             Mangled by Edmund
             ... wielding a +0 flail of venom
              (11 damage)
             ... on level 4 of the Dungeon.
             The game lasted 00:14:53 (3205 turns).

BingusPrime the Stinger (Octopode Venom Mage)       Turns: 3205, Time: 00:14:55

Health: -8/31      AC:  1    Str: 13    XL:     5   Next: 38%
Magic:  0/9        EV: 14    Int: 20    God:
Gold:   197        SH:  0    Dex: 14    Spells: 7/10 levels left

rFire   . . .      SeeInvis .   q - +7 quarterstaff of Ru {freeze, Dex+2}
rCold   . . .      Faith    .   (shield currently unavailable)
rNeg    . . .      Spirit   +   (helmet restricted)
rPois   .          Reflect  .   m - amulet of guardian spirit
rElec   .          Harm     .   l - +6 ring of strength
rCorr   .          Rampage  .   (no ring)
Will    .....                   (no ring)
Stlth   +++.......              (no ring)
HPRegen 0.10/turn               (no ring)
MPRegen 0.11/turn               (no ring)
                                (no ring)
                                (no ring)

@: lethally poisoned (-8 -> -25), flying, very slightly contaminated
A: almost no armour, amphibious, 8 rings, camouflage 1, gelatinous body 1,
(nimble swimmer 1), tentacles
a: no special abilities


You were on level 4 of the Dungeon.
You visited 1 branch of the dungeon, and saw 4 of its levels.

You collected 197 gold pieces.

Inventory:

Hand Weapons
 c - a +0 dagger
 q - the +7 quarterstaff of Ru (weapon) {freeze, Dex+2}
   (You found it on level 2 of the Dungeon)

   It freezes those it strikes, dealing additional cold damage.
   It can also slow down cold-blooded creatures.
   Dex:       It affects your dexterity (+2).
Missiles
 h - 95 stones (quivered)
Jewellery
 l - a +6 ring of strength (left tentacle)
 m - an amulet of guardian spirit (around mantle)
Wands
 j - a wand of polymorph (12)
 s - a wand of iceblast (7)
Scrolls
 e - 2 scrolls of amnesia
 f - 2 scrolls of teleportation {unknown}
 g - 2 scrolls of vulnerability {unknown}
 i - a scroll of enchant armour {unknown}
 n - a scroll of noise {unknown}
Potions
 a - a potion of magic
 b - a potion of flight
 d - 2 potions of resistance
 k - a potion of mutation {unknown}
 o - a potion of berserk rage {unknown}
 p - a potion of might {unknown}
 r - a potion of curing {unknown}


   Skills:
 * Level 3.2 Dodging
 + Level 3.9 Stealth
 * Level 3.0 Spellcasting
 - Level 1.0 Transmutations
 * Level 4.9 Poison Magic


You had 7 spell levels left.
You knew the following spells:

 Your Spells              Type           Power      Damage    Failure   Level
a - Sting                 Tmut/Pois      60%        1d6       4%          1
b - Poisonous Vapours     Pois/Air       26%        N/A       8%          2

Your spell library contained the following spells:

 Spells                   Type           Power      Damage    Failure   Level
 Olgreb's Toxic Radiance  Pois           23%        N/A       19%         4
 Mephitic Cloud           Conj/Pois/Air  9%         N/A       22%         3
 Gell's Gravitas          Tloc           3%         N/A       38%         3
 Lesser Beckoning         Tloc           3%         N/A       38%         3
 Teleport Other           Tloc           3%         N/A       38%         3


Dungeon Overview and Level Annotations

Branches:
Dungeon (4/15)
 Temple: D:4-7

Altars:

Shops:
D:3 ?

Annotations:
D:4 Edmund


Innate Abilities, Weirdness & Mutations

You cannot wear most types of armour.
You are amphibious.
You can wear up to eight rings at the same time.
Your skin changes colour to match your surroundings (Stealth+).
Your rubbery body absorbs attacks. (AC +1, EV +1)
((You are camouflaged when in or above water. (Stealth+)))
You have tentacles for arms and can constrict up to eight enemies at once.


Message History

Edmund the Younger comes into view.
He is wielding a +0 flail of venom.
You hit the hound. You freeze the hound. Your grab misses the hound.
Your squeeze misses the hound.
The hound is heavily wounded.
The hound completely misses you. The hound barely misses you.
You barely miss the hound. Your grab misses the hound.
The hound is heavily wounded.
The hound barely misses you. The hound bites you.
You hit the hound. You freeze the hound. Your grab misses the hound.
You squeeze the hound.
The hound is severely wounded.
The hound misses you. The hound bites you.
You sock the hound! You freeze the hound.
You kill the hound!
Your Spellcasting skill increases to level 3!
Casting: Sting (safe; 4% risk of failure)
Confirm with . or Enter, or press ? or * to list all spells.
Aiming: Sting (safe; 4% risk of failure)
Press: ? - help, Shift-Dir - straight line, f - Edmund
Aim: Edmund, wielding a +0 flail of venom and wearing a +0 leather armour (74% to hit)
You miscast Sting.
You are very lightly contaminated with residual magic.
Nothing appears to happen.
Edmund misses you.
Casting: Sting (safe; 4% risk of failure)
Confirm with . or Enter, or press ? or * to list all spells.
You don't have enough magic to cast this spell.
You sock Edmund! You freeze Edmund. You grab Edmund.
Edmund is heavily wounded.
You constrict Edmund, but do no damage.
Edmund hits you with a +0 flail of venom.
Edmund hits you with a +0 flail of venom!
* * * LOW HITPOINT WARNING * * *
You are lethally poisoned!
It was a potion of flight.
You feel very buoyant.
You fly up into the air.
You constrict Edmund.
* * * LOW HITPOINT WARNING * * *
You feel very sick.
Edmund hits you with a +0 flail of venom!
You die...

....... #.).....####
......####.........#
.##.....#...........#
...................##
......>..##........#
g.............<....#
...###.[##...#....##
..##....##.###.....#
.......@@.)..#......#
......###............#
###... #.....!.##.###
#.#. .#..... .. #..#.
...##.. .# ## #. ..


You could see Edmund.

Vanquished Creatures
  A hound (D:4)
  Terence (D:2)
  An orc wizard (D:3)
  2 adders (D:2)
  2 worms
  A dart slug (D:2)
  2 orcs (D:3)
  3 bats
  8 endoplasms
  2 giant cockroaches
  3 goblins
  4 hobgoblins
  A jackal (D:3)
  3 kobolds
  A quokka (D:3)
  7 ball pythons
  2 frilled lizards
  5 rats
49 creatures vanquished.

Notes
Turn   | Place    | Note
-------+----------+-------------------------------------------
     0 | D:1      | BingusPrime the Octopode Venom Mage began the quest for the
                  | Orb.
     0 | D:1      | Reached XP level 1. HP: 11/11 MP: 3/3
   315 | D:1      | Reached XP level 2. HP: 17/17 MP: 1/5
   369 | D:1      | Learned a level 2 spell: Poisonous Vapours
   763 | D:2      | Reached skill level 4 in Poison Magic
   877 | D:2      | Reached XP level 3. HP: 17/21 MP: 2/6
   989 | D:2      | Noticed Terence
  1001 | D:2      | Killed Terence
  1143 | D:2      | Reached XP level 4. HP: 27/27 MP: 4/7
  1289 | D:2      | Found a faded altar of an unknown god.
  1289 | D:2      | Noticed a shining eye
  1291 | D:2      | Noticed a golden eye
  1292 | D:2      | Noticed a shining eye
  1292 | D:2      | Noticed a shining eye
  1547 | D:2      | Identified the +7 quarterstaff of Ru {freeze, Dex+2}
  1971 | D:3      | Found Yjufuyd's Magic Scroll Boutique.
  2740 | D:3      | Reached XP level 5. HP: 28/31 MP: 7/9
  3198 | D:4      | Noticed Edmund
  3205 | D:4      | Mangled by Edmund

Illustrated notes

Levels and vault maps discovered:
D:1:      noname_arrival_rooms_in_the_neighbourhood, layout_rooms
D:2:      layout_loops_ring, hellmonk_ecumenical_altar_watching_god,
          minmay_tripent, uniq_terence
D:3:      minmay_razor_zed, layout_basic, serial_shops, shop,
          serial_bayou_lagoon_a, hangedman_glass_teeth
D:4:      layout_cave_pools, uniq_blork_the_orc, uniq_edmund, uniq_eustachio

Skill      XL: |  1  2  3  4  5 |
---------------+----------------+-----
Stealth        | 3 |  3.9
Poison Magic   | 4 |  4.9
Dodging        | 3 |  3.2
Spellcasting   | 3 |  3.0
Transmutations | |  1.0

Action                   |  1- 3 |  4- 6 || total
-------------------------+-------+-------++-------
Melee: Dagger            |    22 |     2 ||    24
       Constrict         |     7 |     5 ||    12
       Tentacles         |     7 |     3 ||    10
       Unarmed           |     5 |       ||     5
       Quarterstaff      |       |    29 ||    29
Throw: Stone             |    20 |    15 ||    35
 Cast: Sting             |    23 |    27 ||    50
       Poisonous Vapours |     3 |    19 ||    22
  Use: Scroll            |       |     2 ||     2
       Potion            |       |     1 ||     1
 Stab: Sleeping          |       |     2 ||     2
Armor: Skin              |     2 |     2 ||     4
Dodge: Dodged            |    23 |    23 ||    46

Table legend: (Time is in decaauts)
 A = Elapsed time spent in this place.
 B = Non-inter-level travel time spent in this place.
 C = Inter-level travel time spent in this place.
 D = Time resting spent in this place.
 E = Time spent auto-exploring this place.
 F = Levels seen in this place.
 G = Mean time per level.
                   A        B        C        D        E       F      G
               +--------+--------+--------+--------+--------+-----+--------+
         Total |   3210 |   3132 |     78 |     81 |   2684 |   4 |  802.5 |
       Dungeon |   3210 |   3132 |     78 |     81 |   2684 |   4 |  802.5 |
               +--------+--------+--------+--------+--------+-----+--------+

Top non-repeatable levels by time:
     D:3: 1399 daAuts
     D:2: 1111 daAuts
     D:1: 626 daAuts
     D:4: 72 daAuts
